 Dungeon Crawl Stone Soup version 0.17.0-23-g0de4337 (console) character file.

83 Kloppie the Digger (level 4, -2/27 HPs)
             Began as a Gargoyle Earth Elementalist on Nov 14, 2015.
             Shot with an arrow by a centaur (7 damage)
             ... on level 2 of the Dungeon.
             The game lasted 00:05:26 (2780 turns).

Kloppie the Digger (Gargoyle Earth Elementalist)    Turns: 2780, Time: 00:05:26

Health: -2/27      AC:  5    Str: 12    XL:     4   Next: 44%
Magic:  6/7        EV: 12    Int: 16    God:
Gold:   85         SH:  0    Dex: 10    Spells: 2 memorised, 4 levels left

rFire  . . .     SeeInvis .     b - 78 stones
rCold  . . .     Clarity  .     e - +0 robe
rNeg   + . .     SustAt   .     (no shield)
rPois  ∞         Gourm    .     (no helmet)
rElec  +         Spirit   .     (no cloak)
rCorr  .         Warding  .     (no gloves)
rMut   .         Stasis   .     (no boots)
MR     .....                    (no amulet)
Stlth  ++........               (no ring)
                                (no ring)

@: not resistant to hostile enchantments, unstealthy
A: negative energy resistance 1, electricity resistance, unbreathing,
petrification resistance, rot immunity, AC +3
a: no special abilities


You were on level 2 of the Dungeon.
You were not hungry.

You visited 1 branch of the dungeon, and saw 2 of its levels.

You collected 85 gold pieces.

Inventory:

Hand Weapons
 a - a +0 whip
Missiles
 b - 78 stones (in hand)
Armour
 e - a +0 robe (worn)
Jewellery
 o - an uncursed amulet of warding {unknown}
Scrolls
 f - 4 scrolls of blinking {unknown}
 g - a scroll of fog {unknown}
 i - 2 scrolls of remove curse {unknown}
 k - 2 scrolls of enchant armour {unknown}
 l - a scroll of identify {unknown}
 m - a scroll of teleportation {unknown}
Potions
 h - a potion of lignification {unknown}
 j - a potion of flight {unknown}
Books
 c - a book of Geomancy

   Spells                             Type                      Level
   a - Sandblast                      Earth                        1
   b - Stoneskin                      Transmutation/Earth          2
   c - Passwall                       Transmutation/Earth          3
   d - Stone Arrow                    Conjuration/Earth            3
   e - Petrify                        Transmutation/Earth          4
   f - Lee's Rapid Deconstruction     Earth                        5
Comestibles
 d - 2 bread rations
 n - 6 chunks of flesh
 p - a beef jerky


   Skills:
 + Level 2.7 Fighting
 + Level 1.2 Maces & Flails
 - Level 1.5 Dodging
 - Level 2.1 Stealth
 - Level 2.0 Spellcasting
 - Level 0.7 Transmutations
 + Level 4.8 Earth Magic


You had 4 spell levels left.
You knew the following spells:

 Your Spells              Type           Power        Failure   Level  Hunger
a - Sandblast             Erth           ###...       3%          1    #......
b - Stoneskin             Trmt/Erth      ##......     12%         2    ###....


Dungeon Overview and Level Annotations

Branches:
Dungeon (2/15)

Altars:


Innate Abilities, Weirdness & Mutations

You are resistant to torment.
Your stone body is resilient (AC +3).
You are immune to poison.
You resist negative energy.
You are resistant to electric shocks.
You can survive without breathing.
You are immune to petrification.
You are immune to rotting.


Message History

The centaur wields a shortbow.
The centaur shoots an arrow.
The arrow hits you!
The centaur shoots an arrow.
The arrow closely misses you.
Things that are here:
a club; a goblin corpse The centaur shoots an arrow.
The arrow completely misses you.
The centaur shoots an arrow.
The arrow hits you.
The centaur shoots an arrow.
The arrow hits you!
* * * LOW HITPOINT WARNING * * *
You see here an arrow.
b - 79 stones (in hand)
The centaur shoots an arrow.
The arrow closely misses you.
Casting: Sandblast
Confirm with . or Enter, or press ? or * to list all spells.
Aiming: Sandblast
Press: ? - help, Shift-Dir - straight line, f - centaur
Aim: a centaur, wielding a shortbow The rocky blast hits the centaur.
The centaur is moderately wounded.
The centaur shoots an arrow.
The arrow hits you!
You die...

.# #.# #. .# #########.### ##.
.# #...........# #.. .#
#.#.#######.######### #.# .#
#.#.####............# #.. .#
#.#.......#.#######.# #.# .###
#.####....c.# #.# #.# ...# #.#
#.......# #.# #.# .#.# #.#
#...@...# #)###.# .#.# #.#
#.......# #....#. .#.### #.#
#.......# #...### .....#
#.###)#.)...# #..##
.###.####...((...#..# #...###
.#
#...........#...########..#.#.
.###.#######[#.##.##
#........... .....#
##.#.##.####.#####.#.#. ...###
#............#####.#.#.


You could see a centaur.

Vanquished Creatures
  3 gnolls (D:2)
  3 worms (D:2)
  A giant gecko (D:2)
  10 hobgoblins
  2 ball pythons (D:2)
  10 bats
  A giant newt (D:1)
  5 goblins
  4 kobolds (D:1)
  9 rats
48 creatures vanquished.

Notes
Turn   | Place    | Note
--------------------------------------------------------------
     0 | D:1      | Kloppie the Gargoyle Earth Elementalist began the quest for the Orb.
     0 | D:1      | Reached XP level 1. HP: 10/10 MP: 3/3
   665 | D:1      | Reached skill level 4 in Earth Magic
   684 | D:1      | Reached XP level 2. HP: 14/16 MP: 5/5
   716 | D:1      | Reached skill level 1 in Fighting
   813 | D:1      | Learned a level 2 spell: Stoneskin
  1385 | D:1      | Reached XP level 3. HP: 21/21 MP: 1/6
  2018 | D:2      | Reached XP level 4. HP: 25/27 MP: 2/7
  2200 | D:2      | Reached skill level 1 in Maces & Flails
  2774 | D:2      | Noticed a centaur
  2780 | D:2      | Shot with an arrow by a centaur

Action                   |  1- 3 |  4- 6 || total
-------------------------+-------+-------++-------
Melee: Unarmed           |    43 |       ||    43
       Whip              |    65 |    28 ||    93
 Cast: Sandblast         |    42 |    17 ||    59
 Stab: Sleeping          |     3 |       ||     3
  Eat: Chunk             |     4 |     3 ||     7
